 Dungeon Crawl Stone Soup version 0.27-a0-366-g8badd94918 (webtiles) character file.

Game seed: 7214912545520123789

144 sahdkjhfkaj the Ruffian (level 5, -1/52 HPs)
             Began as a Troll Transmuter on Feb 16, 2021.
             Slain by a gnoll
             ... wielding a +0 whip
              (13 damage)
             ... on level 2 of the Dungeon.
             The game lasted 00:02:05 (1720 turns).

sahdkjhfkaj the Ruffian (Troll Transmuter)          Turns: 1720, Time: 00:02:05

Health: -1/52      AC:  6    Str: 18    XL:     5   Next: 5%
Magic:  5/5        EV:  9    Int: 10    God:
Gold:   70         SH:  0    Dex: 10    Spells: 5/6 levels left

rFire    . . .     SeeInvis .     - Unarmed
rCold    . . .     Faith    .   (no shield)
rNeg     . . .     Spirit   .   a - +0 robe
rPois    .         Reflect  .   e - +2 hat
rElec    .         Harm     .   (no cloak)
rCorr    .         Rampage  .   (gloves unavailable)
Will     .....                  (boots unavailable)
Stlth    +.........             (no amulet)
HPRegen  1.17/turn              (no ring)
MPRegen  0.09/turn              (no ring)

@: no status effects
A: large, unfitting armour, claws 3, regeneration 1, shaggy fur 1, tough skin 1
a: no special abilities


You were on level 2 of the Dungeon.
You visited 1 branch of the dungeon, and saw 3 of its levels.

You collected 70 gold pieces.

Inventory:

Armour
 a - a +0 robe (worn)
 e - a +2 hat (worn)
Wands
 g - a wand of polymorph (6)
Scrolls
 b - a scroll of enchant weapon {unknown}
 c - a scroll of enchant armour
 d - a scroll of identify {unknown}
Potions
 f - a potion of might {unknown}
 h - a potion of lignification {unknown}


   Skills:
 + Level 2.8 Fighting
 - Level 1.5 Dodging
 + Level 4.6 Unarmed Combat
 - Level 1.2 Spellcasting
 - Level 1.3 Transmutations


You had 5 spell levels left.
You knew the following spells:

 Your Spells              Type           Power        Failure   Level
a - Beastly Appendage     Tmut           6%           19%         1

Your spell library contained the following spells:

 Spells                   Type           Power        Failure   Level
 Wereblood                Tmut           3%           28%         2
 Spider Form              Tmut/Pois      1%           58%         3
 Ice Form                 Ice/Tmut       2%           94%         4
 Blade Hands              Tmut           1%           99%         5


Dungeon Overview and Level Annotations

Branches:
Dungeon (3/15)

Altars:


Innate Abilities, Weirdness & Mutations

You are too large for most types of armour.
You have claws for hands.
Your natural rate of healing is unusually fast.
You are covered in fur. (AC +1)
You have tough skin. (AC +1)


Message History

You closely miss the gnoll. The gnoll hits you. The gnoll closely misses you.
You scratch the gnoll but do no damage.
The gnoll is heavily wounded.
The gnoll closely misses you. The gnoll barely misses you.
You barely miss the gnoll. You barely miss the gnoll.
The gnoll is heavily wounded.
The gnoll barely misses you. The gnoll hits you with a +0 whip.
You claw the gnoll!
The gnoll is severely wounded.
The gnoll hits you. The gnoll completely misses you.
You barely miss the gnoll.
The gnoll is heavily wounded.
The gnoll closely misses you. The gnoll barely misses you.
You scratch the gnoll.
The gnoll is almost dead.
The gnoll barely misses you. x2
You scratch the gnoll but do no damage.
The gnoll is heavily wounded.
The gnoll hits you. The gnoll hits you with a +0 whip!
You barely miss the gnoll.
The gnoll is heavily wounded.
The gnoll completely misses you. The gnoll hits you with a +0 whip.
You scratch the gnoll but do no damage.
The gnoll is almost dead.
The gnoll hits you but does no damage. The gnoll hits you with a +0 whip.
You barely miss the gnoll.
The gnoll is heavily wounded.
The gnoll hits you but does no damage. The gnoll hits you with a +0 whip!
You scratch the gnoll.
The gnoll is almost dead.
The gnoll hits you!
* * * LOW HITPOINT WARNING * * *
The gnoll barely misses you.
You scratch the gnoll.
The gnoll is severely wounded.
The gnoll hits you.
* * * LOW HITPOINT WARNING * * *
The gnoll hits you with a +0 whip!
You die...

#...(.....## ##.P.....#....P.♣♣
#......#.## #.#####.#......♣.
.......#.# ####.#####.#......P.
.###....## #.......##.##.....##
.# #.#### ###.##.##..........###
####.## #.......♣.♣♣.#######
#...# #.#....♣P..P♣♣ #...#
#.#.#g#♣.♣..P♣ ####### #...#
#.#..@g.♣♣♣♣.♣♣♣......
###...######.#......♣♣..P♣♣..####
..........##.#..#....♣♣...♣..##..
........>.♣.♣.♣.♣....♣PP♣.♣..##..
..........#...........♣♣..♣..####
###...####♣.♣.♣.♣................
#<..# #.....#.##...>....#####
#...# ♣.♣.♣.♣.##.######## #...#
#.....####.#


You could see 2 gnolls.

Vanquished Creatures
  Natasha (thrice) (D:2)
  A gnoll (D:2)
  3 adders
  A leopard gecko (D:2)
  2 giant cockroaches
  5 hobgoblins
  2 ball pythons (D:1)
  7 bats
  7 frilled lizards
  4 goblins
  2 kobolds
  4 rats
41 creatures vanquished.

Vanquished Creatures (others)
  2 plants (D:1)
2 creatures vanquished.

Grand Total: 43 creatures vanquished

Notes
Turn   | Place    | Note
-------+----------+-------------------------------------------
     0 | D:1      | sahdkjhfkaj the Troll Transmuter began the quest for the
                  | Orb.
     0 | D:1      | Reached XP level 1. HP: 18/18 MP: 1/1
    26 | D:1      | Reached skill level 1 in Fighting
   140 | D:1      | Reached XP level 2. HP: 26/27 MP: 2/2
   795 | D:2      | Reached XP level 3. HP: 35/35 MP: 3/3
  1370 | D:2      | Reached skill level 4 in Unarmed Combat
  1449 | D:2      | Noticed Natasha
  1459 | D:2      | Killed Natasha
  1460 | D:2      | Reached XP level 4. HP: 44/44 MP: 4/4
  1479 | D:2      | Noticed Natasha
  1483 | D:2      | Killed Natasha
  1601 | D:2      | Noticed Natasha
  1610 | D:2      | Killed Natasha
  1698 | D:2      | Reached XP level 5. HP: 49/52 MP: 5/5
  1720 | D:2      | Slain by a gnoll

Illustrated notes

Levels and vault maps discovered:
D:1:      lightli_molten_gateway, layout_loops_ring, serial_bayou,
          serial_bayou_pond_e, serial_bayou_pond_d, serial_bayou_shore_b,
          serial_bayou_shore_a, minmay_shallow_snake_nest
D:2:      layout_loops_cross, serial_forest, infiniplex_forest_clump_tiny,
          infiniplex_forest_clump_medium, infiniplex_forest_diagonal,
          infiniplex_forest_lined_3, infiniplex_forest_diagonal,
          infiniplex_forest_lined_2, infiniplex_forest_straight_3,
          infiniplex_forest_lined_room_2, infiniplex_forest_lined_2,
          infiniplex_forest_side_room, uniq_natasha
D:3:      layout_rooms

Skill      XL: |  1  2  3 |
---------------+----------+-----
Fighting       | 1 2 |  2.8
Unarmed Combat | 4 |  4.6
Dodging        | |  1.5
Spellcasting   | |  1.2
Transmutations | |  1.3

Action                   |  1- 3 |  4- 6 || total
-------------------------+-------+-------++-------
Melee: Unarmed           |   124 |    28 ||   152
       Punch             |     3 |       ||     3
  Use: Scroll            |       |     1 ||     1
Armor: Robe              |    46 |     6 ||    52
Dodge: Dodged            |    51 |    20 ||    71

Table legend: (Time is in decaauts)
 A = Elapsed time spent in this place.
 B = Non-inter-level travel time spent in this place.
 C = Inter-level travel time spent in this place.
 D = Time resting spent in this place.
 E = Time spent auto-exploring this place.
 F = Levels seen in this place.
 G = Mean time per level.
                   A        B        C        D        E       F      G
               +--------+--------+--------+--------+--------+-----+--------+
         Total |   1732 |   1683 |     49 |    118 |   1296 |   3 |  577.3 |
       Dungeon |   1732 |   1683 |     49 |    118 |   1296 |   3 |  577.3 |
               +--------+--------+--------+--------+--------+-----+--------+

Top non-repeatable levels by time:
     D:2: 917 daAuts
     D:1: 808 daAuts
     D:3: 6 daAuts
